 Dungeon Crawl Stone Soup version 0.28.0 (webtiles) character file.

Game seed: 5770012747734261320

74 croobank the Sneak (level 4, -1/37 HPs)
             Began as a Merfolk Delver on Feb 18, 2022.
             Slain by a gnoll (4 damage)
             ... on level 2 of the Dungeon.
             The game lasted 00:09:38 (1425 turns).

croobank the Sneak (Merfolk Delver)                 Turns: 1425, Time: 00:09:39

Health: -1/37      AC:  4    Str: 14    XL:     4   Next: 30%
Magic:  4/4        EV: 13    Int:  9    God:
Gold:   79         SH:  0    Dex: 15    Spells: 3/3 levels left

rFire   . . .      SeeInvis .   a - +0 spear
rCold   . . .      Faith    .   (no shield)
rNeg    . . .      Spirit   .   b - +0 leather armour
rPois   .          Reflect  .   d - +0 helmet
rElec   .          Harm     .   (no cloak)
rCorr   .          Rampage  .   (no gloves)
Will    .....                   (no boots)
Stlth   +++.......              (no amulet)
HPRegen 0.12/turn               (no ring)
MPRegen 0.09/turn               (no ring)

@: flying
A: (nimble swimmer 2), mertail
a: no special abilities


You were on level 2 of the Dungeon.
You visited 1 branch of the dungeon, and saw 5 of its levels.

You collected 79 gold pieces.

Inventory:

Hand Weapons
 a - a +0 spear (weapon)
Missiles
 h - 20 arrows
 j - 78 stones (quivered)
 m - 2 silver javelins
Armour
 b - a +0 leather armour (worn)
 d - a +0 helmet (worn)
 i - a +0 ring mail
Magical Staves
 k - a staff of earth
Wands
 g - a wand of digging (2)
Scrolls
 c - 2 scrolls of fog
 l - a scroll of identify {unknown}
Potions
 e - a potion of flight
 f - 2 potions of ambrosia {unknown}


   Skills:
 + Level 3.9 Fighting
 + Level 4.2 Polearms
 + Level 3.7 Dodging
 + Level 6.0 Stealth


You had 3 spell levels left.
You didn't know any spells.
Your spell library contained the following spells:

 Spells                   Type           Power      Damage    Failure   Level
 Dazzling Flash           Conj/Hex       0%         N/A       83%         3
 Iskenderun's Mystic Bla  Conj/Tloc      0%         2d3       99%         4
 Starburst                Conj/Fire      0%         6d3       100%        6


Dungeon Overview and Level Annotations

Branches:
Dungeon (5/15)             Temple (0/1) D:4

Altars:

Annotations:
D:4 Eustachio


Innate Abilities, Weirdness & Mutations

((You are very nimble when in or above water. (Stealth+, EV+, Speed+++)))
Your lower body shifts to a powerful aquatic tail in water.


Message History

The gnoll is heavily wounded.
The gnoll hits you but does no damage.
You hit the gnoll.
The gnoll is almost dead.
The gnoll hits you with a +0 club.
You hit the gnoll but do no damage.
The gnoll is almost dead.
The gnoll hits you with a +0 club.
You hit the gnoll but do no damage.
The gnoll is almost dead.
The gnoll hits you with a +0 club.
You barely miss the gnoll.
The gnoll is almost dead.
The gnoll hits you but does no damage.
You closely miss the gnoll.
The gnoll is almost dead.
The gnoll hits you with a +0 club.
* * * LOW HITPOINT WARNING * * *
You hit the gnoll.
The gnoll is almost dead.
The gnoll hits you with a +0 club.
* * * LOW HITPOINT WARNING * * *
You are too injured to fight recklessly!
You hit the gnoll but do no damage.
The gnoll is almost dead.
The gnoll barely misses you.
You closely miss the gnoll.
The gnoll is almost dead.
You hit the gnoll but do no damage.
The gnoll is almost dead.
The gnoll hits you with a +0 club.
* * * LOW HITPOINT WARNING * * *
Okay, then.
Okay, then.
You don't know any spells.
Unknown command.
It was a potion of flight.
You feel very buoyant.
You fly up into the air.
The gnoll hits you with a +0 club.
You die...

## #. # . . .## .#. #
##########.###....
#....@g...!...##.....#
#.########<..##.......
#)# #............ #<#
#g####....... #.># #.#
...... #.#.#
#.######...## .###.#
#......#..... # #..
............. ###
#.####.#.#...


You could see a gnoll.

Vanquished Creatures
  Robin (D:2)
  2 gnolls (D:2)
  A dart slug (D:1)
  4 bats
  6 endoplasms
  A giant cockroach (D:2)
  9 goblins (D:2)
  5 hobgoblins
  3 quokkas
  4 frilled lizards
  3 kobolds
39 creatures vanquished.

Notes
Turn   | Place    | Note
-------+----------+-------------------------------------------
     0 | D:5      | croobank the Merfolk Delver began the quest for the Orb.
     0 | D:5      | Reached XP level 1. HP: 18/18 MP: 1/1
     9 | D:5      | Noticed a water moccasin
   139 | D:4      | Noticed Eustachio
   323 | D:2      | Noticed Robin
   361 | D:2      | Reached XP level 2. HP: 8/24 MP: 2/2
   439 | D:2      | Killed Robin
   440 | D:2      | Reached XP level 3. HP: 5/29 MP: 3/3
  1179 | D:1      | Reached XP level 4. HP: 37/37 MP: 4/4
  1399 | D:2      | Reached skill level 6 in Stealth
  1425 | D:2      | Slain by a gnoll

Illustrated notes

Levels and vault maps discovered:
D:1:      dpeg_arrival_court, layout_rooms, hangedman_decor_slide_cut
D:2:      layout_loops_ring, uniq_natasha, uniq_robin, uniq_crazy_yiuf_cottage
D:3:      layout_rooms, dreamdust_ecumenical_altar_statues, grunt_ministairs_10,
          minmay_lizard_king
D:4:      layout_basic, lemuel_coloured_pillars_altar,
          minmay_temple_entry_enclosed_plants, uniq_menkaure, uniq_eustachio,
          uniq_grinder, uniq_blork_the_orc
D:5:      layout_loops_corners, nicolae_wu_jian_wuxing_cycle,
          minmay_fire_ice_demons, uniq_sigmund

Skill      XL: |  1  2  3  4 |
---------------+-------------+-----
Dodging        | 3 |  3.7
Polearms       | 4 |  4.2
Stealth        | 6 |  6.0
Fighting       | |  3.9

Action                   |  1- 3 |  4- 6 || total
-------------------------+-------+-------++-------
Melee: Spear             |   133 |    40 ||   173
       Punch             |     2 |       ||     2
Evoke: Wand              |     1 |       ||     1
  Use: Scroll            |     4 |       ||     4
       Potion            |     3 |     1 ||     4
 Stab: Sleeping          |     4 |     3 ||     7
Armor: Ring mail         |    22 |       ||    22
       Skin              |    30 |       ||    30
       Leather armour    |     8 |    15 ||    23
Dodge: Dodged            |    51 |    13 ||    64
